APP
GREAT FALLS VOYAGERS @ OAKLAND (APP) ATHLETICS
10/13/2045
 
TOP OF THE 1ST
Cleveland (APP) Indians batting - Pitching for Orem Owlz : LHP Sanjog Veera
Pitching: LHP Sanjog Veera
Batting: RHB Jim Wright 0-0: Ball
1-0: Ball
2-0: Foul Ball, location: 2F
2-1: Swinging Strike
2-2: Ball
3-2: Strikes out looking
Batting: SHB Victor Martinez 0-0: Called Strike
0-1: Ground out 4-3 (Groundball, 4S, EV 68.1 MPH)
Batting: LHB Jesus Romero 0-0: Ball
1-0: Called Strike
1-1: Ball
2-1: Ball
3-1: Fly out, F6 (Popup, P, EV 78.8 MPH)
Top of the 1st over - 0 runs, 0 hits, 0 errors, 0 left on base; Cleveland (APP) 0 - Orem 0
BOTTOM OF THE 1ST
Orem Owlz batting - Pitching for Cleveland (APP) Indians : RHP Sibrand Radder
Pitching: RHP Sibrand Radder
Batting: RHB Carlos Martinez 0-0: Foul Ball, location: 2F
0-1: Called Strike
0-2: Ball
1-2: Fly out, F6 (Line Drive, 6, EV 67.5 MPH)
Batting: SHB Jesse Snyder 0-0: Foul Ball, location: 2F
0-1: Foul Ball, location: 2F
0-2: Ball
1-2: DOUBLE (Line Drive, 7LS, EV 94.4 MPH)
Batting: SHB Greg Prime 0-0: Ball
1-0: Foul Ball, location: 2F
1-1: DOUBLE (Line Drive, 9LS, EV 96.9 MPH)
Jesse Snyder scores
Batting: LHB Matt Acevedo 0-0: Foul Ball, location: 2F
0-1: Foul Ball, location: 2F
0-2: Strikes out swinging
Batting: RHB Antonio Torres 0-0: Called Strike
0-1: Fly out, F8 (Line Drive, 8RM, EV 106.9 MPH)
Bottom of the 1st over - 1 run, 2 hits, 0 errors, 1 left on base; Cleveland (APP) 0 - Orem 1
TOP OF THE 2ND
Cleveland (APP) Indians batting - Pitching for Orem Owlz : LHP Sanjog Veera
Batting: RHB Jorge Ruelas 0-0: Ball
1-0: Ball
2-0: Ball
3-0: Called Strike
3-1: Called Strike
3-2: Ground out 6-3 (Groundball, 6, EV 83.8 MPH)
Batting: RHB Dave Lanman 0-0: Called Strike
0-1: Ball
1-1: Ball
2-1: Ground out 4-3 (Groundball, 4, EV 79.4 MPH)
Batting: LHB Jerry Sweeney 0-0: Ground out 6-3 (Groundball, 6D, EV 97.5 MPH)
Top of the 2nd over - 0 runs, 0 hits, 0 errors, 0 left on base; Cleveland (APP) 0 - Orem 1
BOTTOM OF THE 2ND
Orem Owlz batting - Pitching for Cleveland (APP) Indians : RHP Sibrand Radder
Batting: LHB Mike Martinez 0-0: Ball
1-0: Ball
2-0: Ball
3-0: Called Strike
3-1: DOUBLE (Groundball, 3L, EV 106.9 MPH)
Batting: RHB Matt Trevizo 0-0: Called Strike
0-1: Ball
1-1: Ball
2-1: Fly out, F8 (Flyball, 8RS, EV 83.1 MPH)
Batting: RHB Eric Moore 0-0: Ball
1-0: Ball
2-0: Called Strike
2-1: Ground out 4-3 (Groundball, 4, EV 91.9 MPH)
Mike Martinez to third
Batting: RHB Jeremy Allen 0-0: Ball
1-0: Foul Ball, location: 2F
1-1: Ground out 1-3 (Groundball, 15, EV 82.5 MPH)
Bottom of the 2nd over - 0 runs, 1 hit, 0 errors, 1 left on base; Cleveland (APP) 0 - Orem 1
TOP OF THE 3RD
Cleveland (APP) Indians batting - Pitching for Orem Owlz : LHP Sanjog Veera
Batting: RHB Justin Jennings 0-0: Ball
1-0: Ball
2-0: Ball
3-0: Base on Balls
Batting: LHB Cesar Valdez 0-0: Foul Ball, location: 2F
0-1: Foul Ball, location: 2F
0-2: Ball
1-2: Ball
2-2: Strikes out looking
Batting: SHB Kaden Hutchinson 0-0: Swinging Strike
0-1: Ball
1-1: Ball
2-1: Ball
3-1: Base on Balls
Justin Jennings to second
Batting: RHB Jim Wright 0-0: Ball
1-0: Foul Ball, location: 2F
1-1: TRIPLE (Flyball, 78XD, EV 91.3 MPH)
Justin Jennings scores
Kaden Hutchinson scores
Batting: SHB Victor Martinez 0-0: Ball
1-0: Foul Ball, location: 2F
1-1: SINGLE (Groundball, 6MD, EV 105.0 MPH)
Jim Wright scores
Batting: LHB Jesus Romero 0-0: Called Strike
0-1: Foul Ball, location: 2F
0-2: Ball
1-2: Fly out, F6 (Popup, 6MS, EV 77.5 MPH)
Batting: RHB Jorge Ruelas 0-0: Fly out, F8 (Line Drive, 8RD, EV 95.0 MPH)
Top of the 3rd over - 3 runs, 2 hits, 0 errors, 1 left on base; Cleveland (APP) 3 - Orem 1
BOTTOM OF THE 3RD
Orem Owlz batting - Pitching for Cleveland (APP) Indians : RHP Sibrand Radder
Batting: RHB Carlos Martinez 0-0: Bunted foul
0-1: Ball
1-1: Foul Ball, location: 2F
1-2: Ball
2-2: Ground out 4-3 (Groundball, 4, EV 96.9 MPH)
Batting: SHB Jesse Snyder 0-0: Ground out 2-3 (Groundball, 2R, EV 71.9 MPH)
Batting: SHB Greg Prime 0-0: Foul Ball, location: 2F
0-1: Ball
1-1: Swinging Strike
1-2: DOUBLE (Flyball, 8LXD, EV 105.6 MPH)
Batting: LHB Matt Acevedo 0-0: Fly out, F8 (Flyball, 8RXD, EV 103.1 MPH)
Bottom of the 3rd over - 0 runs, 1 hit, 0 errors, 1 left on base; Cleveland (APP) 3 - Orem 1
TOP OF THE 4TH
Cleveland (APP) Indians batting - Pitching for Orem Owlz : LHP Sanjog Veera
Batting: RHB Dave Lanman 0-0: Ball
1-0: Ground out 2-3 (Groundball, 13S, EV 74.4 MPH)
Batting: LHB Jerry Sweeney 0-0: Ball
1-0: Ball
2-0: Called Strike
2-1: Ground out 4-3 (Groundball, 4D, EV 78.8 MPH)
Batting: RHB Justin Jennings 0-0: Foul Ball, location: 2F
0-1: Called Strike
0-2: Ball
1-2: Strikes out looking
Top of the 4th over - 0 runs, 0 hits, 0 errors, 0 left on base; Cleveland (APP) 3 - Orem 1
BOTTOM OF THE 4TH
Orem Owlz batting - Pitching for Cleveland (APP) Indians : RHP Sibrand Radder
Batting: RHB Antonio Torres 0-0: Swinging Strike
0-1: Foul Ball, location: 2F
0-2: SINGLE (Groundball, 34D, EV 106.3 MPH)
Batting: LHB Mike Martinez 0-0: Ball
1-0: Ball
2-0: Ball
3-0: Called Strike
3-1: Fly out, F8 (Flyball, 8RS, EV 83.8 MPH)
Batting: RHB Matt Trevizo 0-0: Called Strike
0-1: Fielders Choice at 2nd, 1-4 (Groundball, 15S, EV 70.6 MPH)
Batting: RHB Eric Moore 0-0: Fly out, F9 (Flyball, 9S, EV 88.1 MPH)
Bottom of the 4th over - 0 runs, 1 hit, 0 errors, 1 left on base; Cleveland (APP) 3 - Orem 1
TOP OF THE 5TH
Cleveland (APP) Indians batting - Pitching for Orem Owlz : LHP Sanjog Veera
Batting: LHB Cesar Valdez 0-0: Ball
1-0: Ground out 3-1 (Groundball, 34, EV 105.0 MPH)
Batting: SHB Kaden Hutchinson 0-0: Ball
1-0: Fly out, F9 (Flyball, 9LMF, EV 104.4 MPH)
Batting: RHB Jim Wright 0-0: Called Strike
0-1: Ground out 5-3 (Groundball, 5L, EV 84.4 MPH)
Top of the 5th over - 0 runs, 0 hits, 0 errors, 0 left on base; Cleveland (APP) 3 - Orem 1
BOTTOM OF THE 5TH
Orem Owlz batting - Pitching for Cleveland (APP) Indians : RHP Sibrand Radder
Batting: RHB Jeremy Allen 0-0: Swinging Strike
0-1: Ball
1-1: Ball
2-1: Swinging Strike
2-2: Strikes out swinging
Batting: RHB Carlos Martinez 0-0: DOUBLE (Groundball, 3L, EV 103.1 MPH)
Batting: SHB Jesse Snyder 0-0: Called Strike
0-1: Ball
1-1: SINGLE (Groundball, 6D, EV 94.4 MPH)
Carlos Martinez to third
Batting: SHB Greg Prime 0-0: Ball
1-0: Ball
2-0: Foul Ball, location: 2F
2-1: Ball
3-1: Called Strike
3-2: Strikes out swinging
Batting: LHB Matt Acevedo 0-0: Ball
1-0: Ball
2-0: Ball
3-0: Fly out, F6 (Line Drive, 6, EV 70.6 MPH)
Bottom of the 5th over - 0 runs, 2 hits, 0 errors, 2 left on base; Cleveland (APP) 3 - Orem 1
TOP OF THE 6TH
Cleveland (APP) Indians batting - Pitching for Orem Owlz : LHP Sanjog Veera
Batting: SHB Victor Martinez 0-0: Foul Ball, location: 2F
0-1: Swinging Strike
0-2: Foul Ball, location: 2F
0-2: Ball
1-2: Strikes out swinging
Batting: LHB Jesus Romero 0-0: Foul Ball, location: 2F
0-1: Foul Ball, location: 2F
0-2: Foul Ball, location: 2F
0-2: Ball
1-2: Ball
2-2: Ball
3-2: Foul Ball, location: 2F
3-2: Foul Ball, location: 2F
3-2: Fly out, F8 (Flyball, 78D, EV 96.3 MPH)
Batting: RHB Jorge Ruelas 0-0: Ground out 1-3 (Groundball, 34S, EV 65.0 MPH)
Top of the 6th over - 0 runs, 0 hits, 0 errors, 0 left on base; Cleveland (APP) 3 - Orem 1
BOTTOM OF THE 6TH
Orem Owlz batting - Pitching for Cleveland (APP) Indians : RHP Sibrand Radder
Batting: RHB Antonio Torres 0-0: Ball
1-0: SINGLE (Line Drive, 56D, EV 97.5 MPH)
Pitching: RHP Ignatius Steinberg
Batting: LHB Mike Martinez 0-0: DOUBLE (Groundball, 3L, EV 94.4 MPH)
Antonio Torres to third
Batting: RHB Matt Trevizo 0-0: Called Strike
0-1: Fly out, F3 (Line Drive, 3, EV 74.4 MPH)
Batting: RHB Eric Moore 0-0: Reached on error, E5 (Groundball, 56, EV 97.5 MPH)
Antonio Torres scores
Mike Martinez to third
Batting: RHB Jeremy Allen 0-0: Ball
Eric Moore steals 2nd base
1-0: Ball
2-0: Ball
3-0: Called Strike
3-1: Called Strike
3-2: Base on Balls
Batting: RHB Carlos Martinez 0-0: Called Strike
0-1: Fly out, F9 (Flyball, 89S, EV 96.3 MPH)
Batting: SHB Jesse Snyder 0-0: Ball
1-0: Called Strike
1-1: Ball
2-1: Foul Ball, location: 2F
2-2: Fielders Choice at 2nd, 5-4 (Groundball, 56, EV 91.9 MPH)
Bottom of the 6th over - 1 run, 2 hits, 1 error, 3 left on base; Cleveland (APP) 3 - Orem 2
TOP OF THE 7TH
Cleveland (APP) Indians batting - Pitching for Orem Owlz : LHP Sanjog Veera
Pitching: RHP David Simpson
Batting: RHB Dave Lanman 0-0: Ground out 4-3 (Groundball, 4S, EV 89.4 MPH)
Batting: LHB Jerry Sweeney 0-0: Single, Error in OF, E7, batter to second base (Line Drive, 7S, EV 87.5 MPH)
Batting: RHB Justin Jennings 0-0: Intentional Walk
Pinch Runner at 2nd Jesse Marder:
Batting: LHB Cesar Valdez 0-0: Ball
1-0: Called Strike
1-1: Ball
2-1: Foul Ball, location: 2F
2-2: Strikes out swinging
Batting: SHB Kaden Hutchinson 0-0: Called Strike
0-1: Fielders Choice at 2nd, 5-4 (Groundball, 5, EV 105.6 MPH)
Top of the 7th over - 0 runs, 1 hit, 1 error, 2 left on base; Cleveland (APP) 3 - Orem 2
BOTTOM OF THE 7TH
Orem Owlz batting - Pitching for Cleveland (APP) Indians : RHP Ignatius Steinberg
Now in CF: Jesse Marder
Batting: SHB Greg Prime 0-0: Foul Ball, location: 2F
0-1: TRIPLE (Flyball, 78XD, EV 106.3 MPH)
Batting: LHB Matt Acevedo 0-0: Called Strike
0-1: Foul Ball, location: 2F
0-2: Strikes out swinging
Batting: RHB Antonio Torres 0-0: SINGLE (Groundball, 56D, EV 106.9 MPH)
Greg Prime scores
Batting: LHB Mike Martinez 0-0: Called Strike
0-1: Fielders Choice at 2nd, 1-6 (Groundball, 34S, EV 72.5 MPH)
Batting: RHB Matt Trevizo 0-0: Ball
1-0: Called Strike
1-1: DOUBLE (Groundball, 5L, EV 101.9 MPH)
Mike Martinez to third
Runner from 3rd tries for Home, SAFE, no throw by LF
Batting: RHB Eric Moore 0-0: Ball
1-0: Swinging Strike
1-1: Foul Ball, location: 2F
1-2: Foul Ball, location: 2F
1-2: Ground out 5-3 (Groundball, 56, EV 79.4 MPH)
Bottom of the 7th over - 2 runs, 3 hits, 0 errors, 1 left on base; Cleveland (APP) 3 - Orem 4
TOP OF THE 8TH
Cleveland (APP) Indians batting - Pitching for Orem Owlz : RHP David Simpson
Batting: RHB Jim Wright 0-0: Ball
1-0: Reached on error, E6 (Groundball, 6, EV 101.9 MPH)
Pitching: RHP Francisco Pagan
Batting: SHB Victor Martinez 0-0: Ball
1-0: Ground out 5-3 (Groundball, 5L, EV 108.1 MPH)
Batting: LHB Jesus Romero 0-0: Ball
1-0: Called Strike
1-1: Ball
2-1: Swinging Strike
2-2: Strikes out swinging
Batting: RHB Jorge Ruelas 0-0: Ball
1-0: Ball
2-0: Ball
3-0: Base on Balls
Pinch Hitting: LHB Sergio Samano 0-0: Ball
1-0: DOUBLE (Flyball, 8RD, EV 100.0 MPH)
Jim Wright scores
Jorge Ruelas to third
Runner from 3rd tries for Home, SAFE, throw by CF to home
Batting: RHB Jesse Marder 0-0: Ball
1-0: Called Strike
1-1: DOUBLE (Groundball, 5L, EV 110.0 MPH)
Sergio Samano scores
Batting: RHB Justin Jennings 0-0: SINGLE (Groundball, 56, EV 88.1 MPH) (infield hit)
Jesse Marder to third
Batting: LHB Cesar Valdez 0-0: Called Strike
0-1: Foul Ball, location: 2F
0-2: Ball
1-2: Ball
2-2: Foul Ball, location: 2F
2-2: Strikes out swinging
Top of the 8th over - 3 runs, 3 hits, 1 error, 2 left on base; Cleveland (APP) 6 - Orem 4
BOTTOM OF THE 8TH
Orem Owlz batting - Pitching for Cleveland (APP) Indians : RHP Ignatius Steinberg
Pitching: RHP Yoshinobu Ogino
Now at 1B: Mike Taylor
Now at 3B: Brody Long
Batting: RHB Jeremy Allen 0-0: Fly out, F9 (Flyball, 9, EV 88.8 MPH)
Batting: RHB Carlos Martinez 0-0: Ball
1-0: Foul Ball, location: 2F
1-1: Foul Ball, location: 2F
1-2: Strikes out swinging
Batting: SHB Jesse Snyder 0-0: Called Strike
0-1: Ball
1-1: Foul Ball, location: 2F
1-2: Strikes out swinging
Bottom of the 8th over - 0 runs, 0 hits, 0 errors, 0 left on base; Cleveland (APP) 6 - Orem 4
TOP OF THE 9TH
Cleveland (APP) Indians batting - Pitching for Orem Owlz : RHP Francisco Pagan
Pitching: RHP Dida Obadele
Batting: SHB Kaden Hutchinson 0-0: Foul Ball, location: 2F
0-1: Foul Ball, location: 2F
0-2: Ball
1-2: Ball
2-2: Foul Ball, location: 2F
2-2: Ball
3-2: Ground out 1-3 (Groundball, 13S, EV 72.5 MPH)
Batting: RHB Jim Wright 0-0: Ball
1-0: Ball
2-0: Foul Ball, location: 2F
2-1: Ground out 1-3 (Groundball, 13, EV 83.8 MPH)
Batting: SHB Victor Martinez 0-0: Ball
1-0: Ball
2-0: Ball
3-0: Called Strike
3-1: Base on Balls
Batting: LHB Jesus Romero 0-0: Foul Ball, location: 2F
0-1: Foul Ball, location: 2F
0-2: Ball
1-2: SINGLE (Flyball, 89S, EV 93.8 MPH)
Victor Martinez to second
Runner from 2nd tries for 3rd, SAFE, throw by CF made to third
Batting: RHB Brody Long 0-0: Called Strike
0-1: Ball
1-1: DOUBLE (Groundball, 5L, EV 108.8 MPH)
Victor Martinez scores
Jesus Romero to third
Batting: RHB Mike Taylor 0-0: Foul Ball, location: 2F
0-1: Ball
1-1: Foul Ball, location: 2F
1-2: Ball
Passed Ball!
Jesus Romero scores
Brody Long to third
2-2: Foul Ball, location: 2F
2-2: Foul Ball, location: 2F
2-2: Foul Ball, location: 2F
2-2: Foul Ball, location: 2F
2-2: Ball
3-2: Foul Ball, location: 2F
3-2: Foul Ball, location: 2F
3-2: Base on Balls
Batting: RHB Jesse Marder 0-0: Foul Ball, location: 2F
0-1: Foul Ball, location: 2F
0-2: Ball
1-2: Foul Ball, location: 2F
1-2: Foul Ball, location: 2F
1-2: Fielders Choice at 2nd, 5-4 (Groundball, 5, EV 77.5 MPH)
Top of the 9th over - 2 runs, 2 hits, 0 errors, 2 left on base; Cleveland (APP) 8 - Orem 4
BOTTOM OF THE 9TH
Orem Owlz batting - Pitching for Cleveland (APP) Indians : RHP Yoshinobu Ogino
Batting: SHB Greg Prime 0-0: Called Strike
0-1: Called Strike
0-2: Fly out, F6 (Flyball, 56D, EV 90.0 MPH)
Batting: LHB Matt Acevedo 0-0: Foul Ball, location: 2F
0-1: Ball
1-1: Ball
2-1: Ground out 4-3 (Groundball, 4, EV 98.1 MPH)
Batting: RHB Antonio Torres 0-0: Called Strike
0-1: Ball
1-1: Foul Ball, location: 2F
1-2: Strikes out looking
Bottom of the 9th over - 0 runs, 0 hits, 0 errors, 0 left on base; Cleveland (APP) 8 - Orem 4
Wednesday, June 22nd , 2022 - OOTP Baseball 23.4 Build 64